 Dungeon Crawl Stone Soup version 0.32-a0-576-g706899e69d (webtiles) character file.

Game seed: 6477907357308136459

1100 cforsyth the Scholar of Death (level 8, -1/71 HPs)
             Began as a Mountain Dwarf Necromancer on Mar 2, 2024.
             Was a Follower of Kikubaaqudgha.
             Slain by a lemure (5 damage)
             ... led by Pikel
             ... on level 6 of the Dungeon.
             The game lasted 00:07:53 (6847 turns).

cforsyth the Scholar of Death (MDNe)                Turns: 6847, Time: 00:07:55

Health: -1/71      AC: 11    Str: 17    XL:     8   Next: 10%
Magic:  10/10      EV:  5    Int: 18    God:    Kikubaaqudgha [*.....]
Gold:   318        SH:  0    Dex: 10    Spells: 5/10 levels left

rFire   + + .        t - +12 war axe "Wuogiokhli" {flame, rF+ Str+6}
rCold   . . .        (no shield)
rNeg    . . .        x - +0 plate armour
rPois   .            f - +1 hat
rElec   .            (no cloak)
rCorr   .            (no gloves)
SInv    .            (no boots)
Will    .....        (no amulet) Stlth
                     F - ring of protection from fire
HPRegen 0.31/turn    (no ring)
MPRegen 0.12/turn

%: no passive effects
@: confused, ambrosia-drunk
A: runic magic, artefact enchanting
a: Renounce Religion, Unearth Wretches


You were on level 6 of the Dungeon.
You worshipped Kikubaaqudgha.
Kikubaaqudgha was aware of your devotion.
You visited 1 branch of the dungeon, and saw 6 of its levels.

You collected 366 gold pieces.
You spent 48 gold pieces at shops.


Innate Abilities, Weirdness & Mutations

Your spellcasting is much less encumbered by armour.
You can use scrolls of enchantment on lesser artefacts.


   Skills:
 + Level 6.5 Fighting
 + Level 4.5 Axes
 - Level 1.3 Dodging
 - Level 1.4 Stealth
 - Level 1.7 Spellcasting
 + Level 8.0 Necromancy


You had 5 spell levels left.
You knew the following spells:

 Your Spells              Type           Power      Damage    Failure   Level
a - Animate Dead          Necr           30%        N/A       19%         4
X - Necrotise             Necr           100%       1d9       1%          1

Your spell library contained the following spells:

 Spells                   Type           Power      Damage    Failure   Level
 Vampiric Draining        Necr           30%        2d8       6%          3
 Cigotuvi's Dreadful Rot  Necr/Alch/Air  22%        N/A       26%         2
 Freeze                   Ice            4%         1d3       45%         1
 Magic Dart               Conj           4%         1d3       45%         1
 Curse of Agony           Necr           30%        N/A       47%         5
 Blink                    Tloc           2%         N/A       61%         2
 Call Imp                 Summ           2%         N/A       61%         2
 Martyr's Knell           Necr/Summ      16%        N/A       69%         4
 Dazzling Flash           Conj/Hex       2%         N/A       83%         3
 Frozen Ramparts          Ice            2%         1d1       83%         3
 Hailstorm                Conj/Ice       1%         3d5       83%         3
 Volatile Blastmotes      Fire/Tloc      2%         2d10      83%         3
 Starburst                Conj/Fire      0%         6d3       100%        6
 Maxwell's Capacitive Co  Air            0%         ∞         100%        8

Inventory:

Hand Weapons
 i - a +0 club
 m - a +0 mace of holy wrath
 t - the +12 war axe "Wuogiokhli" (weapon) {flame, rF+ Str+6}
   (You found it on level 4 of the Dungeon)

   Str+6:     It affects your strength (+6).
   rF+:       It protects you from fire.
Missiles
 k - a throwing net {=f}
Armour
 f - a +1 hat (worn)
 x - a +0 plate armour (worn)
Magical Staves
 q - a staff of alchemy {!a}
Jewellery
 F - a ring of protection from fire (left hand)
Wands
 w - a wand of charming (17)
Scrolls
 d - 3 scrolls of noise {unknown}
 g - a scroll of silence {unknown}
 h - 6 scrolls of identify {@r1}
 j - a scroll of enchant armour {unknown}
 l - 2 scrolls of amnesia {unknown}
 n - 2 scrolls of poison {unknown}
 p - 2 scrolls of brand weapon {unknown}
 r - 2 scrolls of blinking {unknown}
 s - a scroll of teleportation {unknown}
Potions
 a - a potion of brilliance {unknown}
 b - a potion of magic
 c - 2 potions of degeneration
 o - a potion of heal wounds {unknown}
 u - a potion of mutation {unknown}
 z - a potion of berserk rage {unknown}

Dungeon Overview and Level Annotations

Branches:
Dungeon (6/15)
 Temple: D:4-7

Altars:
Cheibriados
Gozag
Kikubaaqudgha
Makhleb
Nemelex Xobeh
Okawaru
Qazlal
Trog
Uskayaw
Beogh

Shops:
D:1 *

Annotations:
D:5 3 runed translucent doors, Lysca's ghost, novice NaCj
D:6 Pikel

....... .......
......5 .......
....... .....5.
.....Kg#### #
.....o55@)##.###
......g##......#
.......
#.####..#
#########.#
###....######.
##.............
#......########
######..#....#
#......#####..#
.## #


You could see Pikel, 3 lemures, a gnoll sergeant, a gnoll and an orc.


Message History

The gnoll sergeant hits you but does no damage.
The lemure hits you.
* * * LOW HITPOINT WARNING * * *
Unknown command.
Unknown command.
You bump into the rock wall.
The gnoll hits you from afar with a +0 halberd.
* * * LOW HITPOINT WARNING * * *
The gnoll sergeant hits you but does no damage.
The lemure hits you but does no damage.
A lemure comes into view.
Unknown command.
Unknown command.
Unknown command.
You bump into the rock wall.
The lemure shouts!
You hear a shout!
Pikel cracks his whip.
The gnoll hits you but does no damage. The gnoll sergeant barely misses you.
The lemure hits you but does no damage.
Unknown command.
Unknown command.
You slash the lemure! You burn the lemure.
The lemure is severely wounded.
The gnoll hits you from afar with a +0 halberd!
* * * LOW HITPOINT WARNING * * *
The gnoll sergeant hits you from afar with a +0 spear.
* * * LOW HITPOINT WARNING * * *
The lemure hits you.
You die...
Kikubaaqudgha rasps: You have failed me!
Welcome... death!

Skill      XL: |  1  2  3  4  5  6  7 |
---------------+----------------------+-----
Fighting       | 1 2 4 5 6 |  6.5
Necromancy     | 5 6 7 8 |  8.0
Axes           | 2 4 |  4.5
Dodging        | |  1.3
Stealth        | |  1.4
Spellcasting   | |  1.7

Action                     |  1- 3 |  4- 6 |  7- 9 || total
---------------------------+-------+-------+-------++-------
  Melee: Unarmed           |    29 |       |       ||    29
         Club              |    10 |       |       ||    10
         Mace              |       |     4 |       ||     4
         War axe           |       |    36 |    38 ||    74
   Cast: Necrotise         |    77 |    98 |     6 ||   181
    Use: Potion            |       |     2 |     3 ||     5
 Armour: Robe              |    44 |    11 |       ||    55
         Chain mail        |       |    59 |    15 ||    74
         Plate armour      |       |       |    56 ||    56
  Dodge: Dodged            |    43 |    49 |    15 ||   107

Levels and vault maps discovered:
D:1:      shiori_arrival_maze, layout_basic, serial_shops,
          nicolae_shop_window_shopping, minmay_misc_feat_enclosed,
          minmay_misc_feat_ornament
D:2:      layout_basic, kennysheep_cluttered_room
D:3:      layout_basic, nicolae_kikubaaqudgha_miasma_corner,
          amcnicky_altar_gilded, mainiacjoe_overflow_concentric_impassable,
          old_standard_altar
D:4:      layout_gridville, lightli_temple_of_fire
D:5:      layout_layer_cave, gammafunk_temple_overflow_elements,
          grunt_qazlal_sundering, biasface_ghost_orc_armoury
D:6:      layout_rooms, nicolae_overflow_crystal_walls,
          minmay_temple_entry_statues_pillars, uniq_pikel

Notes
Turn   | Place    | Note
-------+----------+-------------------------------------------
     0 | D:1      | cforsyth the Mountain Dwarf Necromancer began the quest for
                  | the Orb.
     0 | D:1      | Reached XP level 1. HP: 14/14 MP: 3/3
   116 | D:1      | Reached skill level 1 in Fighting
   184 | D:1      | Found Moruusch's General Store.
   249 | D:1      | Reached XP level 2. HP: 23/23 MP: 0/4
   920 | D:1      | Reached skill level 2 in Fighting
   920 | D:1      | Reached skill level 5 in Necromancy
   920 | D:1      | Reached XP level 3. HP: 29/29 MP: 0/5
  1670 | D:2      | Noticed a phantom
  1812 | D:1      | Bought a scroll of identify for 24 gold pieces
  1812 | D:1      | Bought a scroll of identify for 24 gold pieces
  2259 | D:2      | Reached XP level 4. HP: 16/37 MP: 0/6
  2417 | D:2      | Reached skill level 3 in Fighting
  2818 | D:3      | Found a sparkling altar of Nemelex Xobeh.
  2962 | D:3      | Noticed an ice beast
  2969 | D:3      | Killed an ice beast
  2970 | D:3      | Reached skill level 4 in Fighting
  2970 | D:3      | Reached skill level 6 in Necromancy
  2970 | D:3      | Reached XP level 5. HP: 46/46 MP: 0/7
  3136 | D:3      | Found an iron altar of Okawaru.
  3177 | D:3      | Found an opulent altar of Gozag.
  3460 | D:3      | Found an ancient bone altar of Kikubaaqudgha.
  3594 | D:3      | Became a worshipper of Kikubaaqudgha
  4047 | D:4      | Noticed an ogre
  4062 | D:4      | Killed an ogre
  4063 | D:4      | Reached XP level 6. HP: 16/53 MP: 0/8
  4318 | D:4      | Learned a level 4 spell: Animate Dead
  4406 | D:4      | Identified the +12 war axe "Wuogiokhli" {flame, rF+ Str+6}
  4591 | D:4      | Found a burning altar of Makhleb.
  4907 | D:5      | Entered Level 5 of the Dungeon
  4917 | D:5      | Reached skill level 5 in Fighting
  4917 | D:5      | Reached skill level 1 in Axes
  4938 | D:5      | Reached * piety under Kikubaaqudgha
  4938 | D:5      | Received a gift from Kikubaaqudgha
  5040 | D:5      | Found a stormy altar of Qazlal.
  5203 | D:5      | Reached skill level 7 in Necromancy
  5281 | D:5      | Reached skill level 2 in Axes
  5281 | D:5      | Reached XP level 7. HP: 55/61 MP: 9/9
  5978 | D:5      | Found a hide-covered altar of Uskayaw.
  5978 | D:5      | Found a snail-covered altar of Cheibriados.
  6175 | D:5      | Found a runed translucent gate.
  6175 | D:5      | Found a runed translucent gate.
  6175 | D:5      | Found a runed translucent gate.
  6180 | D:5      | Noticed Lysca's ghost (novice NaCj)
  6182 | D:5      | Identified the +6 dagger of the Onslaught {heavy, rElec
                  | rPois Str+3}
  6312 | D:5      | Reached skill level 3 in Axes
  6609 | D:5      | Found a roughly hewn altar of Beogh.
  6707 | D:6      | Found a bloodstained altar of Trog.
  6797 | D:6      | Reached skill level 6 in Fighting
  6830 | D:6      | Reached skill level 4 in Axes
  6833 | D:6      | Noticed Pikel
  6836 | D:6      | HP: 6/63 [gnoll/+0 halberd[a gnoll sergeant] (5)]
  6843 | D:6      | Reached skill level 8 in Necromancy
  6843 | D:6      | Reached XP level 8. HP: 14/71 MP: 10/10
  6847 | D:6      | HP: 4/71 [gnoll sergeant/+0 spear (6)]
  6847 | D:6      | Slain by a lemure

Vanquished Creatures
  An ice beast (D:3)
  A sky beast (D:6)
  2 ogres
  A lemure (D:6)
  2 phantoms
  A bombardier beetle (D:5)
  3 jellies (D:6)
  3 hounds (D:5)
  An orc priest (D:6)
  2 sleepcaps
  3 iguanas (D:6)
  6 gnolls
  7 adders
  2 ufetubi (D:5)
  6 dart slugs
  4 ribbon worms
  4 orcs
  4 ball pythons
  5 bats
  8 endoplasms
  6 giant cockroaches
  8 goblins
  6 hobgoblins
  4 jackals (D:4)
  4 kobolds
  3 quokkas
  2 frilled lizards
  4 rats
103 creatures vanquished.

Vanquished Creatures (collateral kills)
  An endoplasm (D:1)
  A hobgoblin (D:2)
2 creatures vanquished.

Grand Total: 105 creatures vanquished

Table legend: (Time is in decaauts)
 A = Elapsed time spent in this place.
 B = Non-inter-level travel time spent in this place.
 C = Inter-level travel time spent in this place.
 D = Time resting spent in this place.
 E = Time spent auto-exploring this place.
 F = Levels seen in this place.
 G = Mean time per level.
                   A        B        C        D        E       F      G
               +--------+--------+--------+--------+--------+-----+--------+
         Total |   6881 |   6384 |    497 |    139 |   5263 |   6 | 1146.8 |
       Dungeon |   6881 |   6384 |    497 |    139 |   5263 |   6 | 1146.8 |
               +--------+--------+--------+--------+--------+-----+--------+

Top non-repeatable levels by time:
     D:2: 1929 daAuts
     D:1: 1599 daAuts
     D:5: 1149 daAuts
     D:4: 1022 daAuts
     D:3: 1010 daAuts
     D:6: 169 daAuts

Table legend:
 A = Non-vault XP
 B = Vault XP
 C = Vault XP percentage of total XP
 D = Non-vault monster count
 E = Vault monster count
 F = Vault count percentage of total count
                 A         B        C        D         E       F
            +---------+---------+-------+---------+---------+-------
      Total |    1569 |       3 |   0.2 |     102 |       2 |   1.9
            +---------+---------+-------+---------+---------+-------
        D:1 |      48 |       3 |   5.9 |      22 |       2 |   8.3
        D:2 |     225 |       0 |   0.0 |      20 |       0 |   0.0
        D:3 |     162 |       0 |   0.0 |      15 |       0 |   0.0
        D:4 |     215 |       0 |   0.0 |      22 |       0 |   0.0
        D:5 |     339 |       0 |   0.0 |      10 |       0 |   0.0
        D:6 |     580 |       0 |   0.0 |      13 |       0 |   0.0
            +---------+---------+-------+---------+---------+-------
